 Dungeon Crawl Stone Soup version 0.14-a0-1036-g6cac21b (webtiles) character file.

186 4tharraofdagon the Firebug (level 4, -6/33 HPs)
             Began as a Demigod Fire Elementalist on Nov 24, 2013.
             Killed by nerve-wracking pain
             ... invoked by an orc priest
              (8 damage)
             ... on Level 6 of the Dungeon.
             The game lasted 00:03:50 (614 turns).

4tharraofdagon the Firebug (DgFE)                    Turns: 614, Time: 00:03:51

HP  -6/33        AC  4     Str 12      XL: 4   Next: 43%
MP  10/11        EV 11     Int 21      God:
Gold 70          SH  0     Dex 16      Spells:  2 memorised,  2 levels left

Res.Fire  : . . .   See Invis. : .   e - +2 short sword
Res.Cold  : . . .   Warding    : .   d - +0 leather armour
Life Prot.: . . .   Conserve   : .   (no shield)
Res.Poison: .       Res.Corr.  : .   (no helmet)
Res.Elec. : .       Clarity    : .   f - +0 cloak
Sust.Abil.: . .     Spirit.Shd : .   (no gloves)
Res.Mut.  : .       Stasis     : .   (no boots)
Res.Rott. : .       Flight     : .   (no amulet)
Saprovore : . . .                    (no ring)
                                     (no ring)

@: slightly resistant to hostile enchantments, fairly stealthy
A: no striking features
a: no special abilities


You were on level 6 of the Dungeon.
You were not hungry.

You visited 1 branch of the dungeon, and saw 6 of its levels.

You collected 70 gold pieces.

Inventory:

Hand weapons
 e - a +2,+2 short sword (weapon)
 h - a +0,+0 dwarven hand axe
Armour
 a - a +0 robe
 d - a +0 leather armour (worn)
 f - a +0 cloak (worn)
Magical devices
 j - a wand of fire (0)
Comestibles
 c - a bread ration
 g - a meat ration
 i - a cheese
Scrolls
 k - a scroll of remove curse {unknown}
Books
 b - a book of Flames

   Spells                             Type                      Level
   *Flame Tongue                      Conjuration/Fire             1
   Throw Flame                        Conjuration/Fire             2
   *Conjure Flame                     Conjuration/Fire             3
   Inner Flame                        Hexes/Fire                   3
   Sticky Flame                       Conjuration/Fire             4
   Fireball                           Conjuration/Fire             5


   Skills:
 - Level 1.7 Dodging
 - Level 1.7 Stealth
 + Level 1.8 Spellcasting
 * Level 2.6 Conjurations
 * Level 3.8 Fire Magic


You had 2 spell levels left.
You knew the following spells:

 Your Spells              Type           Power        Failure   Level  Hunger
a - Flame Tongue          Conj/Fire      ###..        4%          1    #......
b - Conjure Flame         Conj/Fire      ###.....     14%         3    ####...


Dungeon Overview and Level Annotations

Branches:
Dungeon (6/16)             Temple (0/1) D:4


Message History

There is a stone staircase leading up here.
Evoke which item? (* to show all) (? for menu, Esc to quit)
Zapping:
j - a wand of fire {zapped: 4}
Press: ? - help, Shift-Dir - straight line, f - orc wizard
Aim: an orc wizard, wielding an orcish dagger and wearing an orcish robe The bolt of fire misses the orc priest.
The bolt of fire misses the orc wizard.
The orc priest calls down the wrath of Beogh upon you.
Something smites you!
* * * LOW HITPOINT WARNING * * *
Unknown command.
Enter note: :D Unknown command.
You aren't carrying any potions.
Unknown command.
The orc wizard gestures at you while chanting.
The magic dart hits you!
* * * LOW HITPOINT WARNING * * *
The orc priest mumbles some strange prayers to Beogh against you.
Pain shoots through your body!
You die... .###########.##... ........@<..o.oo.. .###########o.#... #

You could see an orc warrior, an orc priest, an orc wizard and an orc.

Vanquished Creatures
  A centaur (D:5)
  An iguana (D:5)
  An adder (D:2)
  An orc (D:5)
  A ball python (D:2)
  A bat (D:2)
  3 hobgoblins
  A kobold (D:2)
  A quokka (D:2)
  2 giant newts (D:2)
  A goblin (D:3)
  2 rats
16 creatures vanquished.

Notes
Turn   | Place    | Note
--------------------------------------------------------------
     0 | D:1      | 4tharraofdagon, the Demigod Fire Elementalist, began the quest for the Orb.
     0 | D:1      | Reached XP level 1. HP: 14/14 MP: 5/5
     0 | D:1      | Yolobear: would Fo be better
    21 | D:1      | Yolobear: if stasis only removed the slow and the haste from berserk?
    35 | D:1      | Turgon: 4thArra, do you still hope for Dg record?
    35 | D:1      | Bloax: yes
    35 | D:1      | plate armour now?FUG YOU
    97 | D:2      | Reached skill level 1 in Conjurations
   146 | D:2      | Yolobear: Dg record?
   158 | D:2      | Reached XP level 2. HP: 20/20 MP: 1/6
   173 | D:2      | Yolobear: what kind of Dg record?
   182 | D:2      | Turgon: Fastest Dg in means of turncount
   218 | D:2      | Daniel: and score
   226 | D:2      | Reached skill level 3 in Fire Magic
   274 | D:2      | Yolobear: who has it currently?
   304 | D:2      | Turgon: http://crawl.akrasiac.org/scoring/combo-scoreboard.html
   344 | D:2      | Turgon: It's still jeanjacques
   453 | D:3      | Turgon: He got 14 runes within 64 k turns
   460 | D:4      | Found a staircase to the Ecumenical Temple.
   463 | D:4      | Turgon: Incredible fast for a demigod!
   492 | D:4      | Yolobear: I like demigods
   503 | D:4      | Yolobear: but they suck )=
   513 | D:4      | araganzar: any point in going Sif on a FoVM?
   520 | D:4      | Yolobear: well
   524 | D:4      | araganzar: demigods are not that bad early
   527 | D:4      | Yolobear: are mediocre
   530 | D:5      | Entered Level 5 of the Dungeon
   554 | D:5      | Turgon: Demigods are *very* hard
   563 | D:5      | Yolobear: nah
   564 | D:5      | araganzar: i'd say they are just above avg difficulty
   564 | D:5      | Reached XP level 3. HP: 18/26 MP: 9/9
   569 | D:5      | Learned a level 3 spell: Conjure Flame
   588 | D:5      | Noticed a centaur
   591 | D:5      | Killed a centaur
   591 | D:5      | Reached XP level 4. HP: 16/33 MP: 11/11
   601 | D:5      | Yolobear: really?
   608 | D:5      | Turgon: If you go for a low turncount Dg are incredible hard
   612 | D:6      | Noticed an orc warrior
   614 | D:6      | :D
   614 | D:6      | Killed from afar by an orc priest

Action                   |  1- 3 |  4- 6 || total
-------------------------+-------+-------++-------
Melee: Short sword       |     5 |       ||     5
       Unarmed           |     3 |       ||     3
 Cast: Flame Tongue      |    23 |     1 ||    24
Evoke: Wand              |     3 |     2 ||     5
